 Dungeon Crawl Stone Soup version 0.31-a0-261-g072fdb8a1f (webtiles) character file.

Game seed: 16259283733373455372

63 gruber the Ruffian (level 3, 0/29 HPs)
             Began as a Draconian Shapeshifter on July 13, 2023.
             Slain by Terence
             ... wielding a +0 mace
              (5 damage)
             ... on level 2 of the Dungeon.
             The game lasted 00:00:57 (850 turns).

gruber the Ruffian (Draconian Shapeshifter)          Turns: 850, Time: 00:00:57

Health: 0/29       AC:  5    Str: 19    XL:     3   Next: 87%
Magic:  3/3        EV: 12    Int:  8    God:
Gold:   179        SH:  0    Dex: 11    Spells: 2/2 levels left

rFire   . .          .
                       - Unarmed
rCold   . . .        (no shield)
rNeg    . . .        (body armour unavailable)
rPois   .            (helmet currently unavailable)
rElec   .            (cloak currently unavailable)
rCorr   .            (gloves currently unavailable)
SInv    .            (boots currently unavailable)
Will    .....        (no amulet)
Stlth   +            (no ring)
HPRegen 0.24/turn    (no ring)
MPRegen 0.08/turn

%: no passive effects
@: beast-form, hasted, very quick
A: beast (slay +2), AC +5, unfitting armour, cold-blooded
a: Begin Untransformation


You were on level 2 of the Dungeon.
You were a hulking beast.
You visited 1 branch of the dungeon, and saw 2 of its levels.

You collected 179 gold pieces.

Inventory:

Talismans
 b - a beast talisman
Scrolls
 d - 2 scrolls of identify {unknown}
 g - a scroll of fog {unknown}
 h - a scroll of immolation {unknown}
 k - a scroll of butterflies {unknown}
Potions
 a - a potion of lignification
 c - 2 potions of haste
 e - 2 potions of enlightenment {unknown}
 f - a potion of brilliance {unknown}
 i - a potion of resistance {unknown}
 j - a potion of might {unknown}


   Skills:
 - Level 2.1 Fighting
 - Level 1.7 Dodging
 + Level 4.2 Unarmed Combat
 - Level 3.0 Shapeshifting


You had 2 spell levels left.
You didn't know any spells.
Your spell library contained the following spells:

 Spells                   Type           Power      Damage    Failure   Level
 Foxfire                  Conj/Fire      0%         2x1d4     41%         1
 Plasma Beam              Fire/Air       0%         2x1d10    100%        6
 Starburst                Conj/Fire      0%         6d3       100%        6


Dungeon Overview and Level Annotations

Branches:
Dungeon (2/15)

Altars:

Annotations:
D:2 Terence


Innate Abilities, Weirdness & Mutations

You are a hulking beast.
Your limbs bulge with bestial killing power. (Slay +2)
Your plain brown scales are hard. (AC +5)
You cannot fit into any form of body armour.
You are cold-blooded and may be slowed by cold attacks.


Message History

You kill the goblin!
The kobold hits you but does no damage.
A hobgoblin comes into view.
Terence bares his teeth.
The kobold attacks as you move away!
The kobold hits you with a +0 short sword.
The kobold attacks as you move away! The kobold hits you but does no damage.
You punch the kobold!
You kill the kobold!
Terence misses you.
You see here a +0 short sword.
You hit Terence but do no damage. Terence hits you with a +0 mace!
You closely miss Terence.
Terence screams, "I'm going to kill you!"
Terence hits you with a +0 mace.
You are too injured to fight recklessly!
You are too injured to fight recklessly!
You barely miss Terence. Terence hits you with a +0 mace.
You barely miss Terence. You tail-slap Terence.
Terence is lightly wounded.
Terence misses you.
You barely miss Terence.
Terence is lightly wounded.
Terence hits you with a +0 mace.
You barely miss Terence.
Your tail-slap misses Terence.
Terence is lightly wounded.
Terence completely misses you.
You hit Terence.
Terence is lightly wounded.
You hit Terence.
Terence is moderately wounded.
Terence closely misses you.
Okay, then.
It was a potion of haste.
You feel yourself speed up. Terence hits you with a +0 mace.
* * * LOW HITPOINT WARNING * * *
You barely miss Terence.
Terence is moderately wounded.
Terence hits you with a +0 mace.
You die...

######### #........ #........
#####################........
................h@K...)......
##################g.#........
######..... ....##.....[..
.......##############........
###.#.........## #........
#..)#######..#########.#...
##..# ##......# $##.. #.##
######...###.## ## #.#
###.†............


You could see Terence, a hobgoblin and a kobold.

Vanquished Creatures
  2 adders (D:2)
  3 dart slugs (D:1)
  3 endoplasms
  2 giant cockroaches
  5 goblins
  4 hobgoblins
  2 jackals (D:2)
  3 kobolds
  2 ball pythons (D:1)
  4 bats
  4 frilled lizards
  2 rats (D:2)
36 creatures vanquished.

Notes
Turn   | Place    | Note
-------+----------+-------------------------------------------
     0 | D:1      | gruber the Draconian Shapeshifter began the quest for the
                  | Orb.
     0 | D:1      | Reached XP level 1. HP: 17/17 MP: 1/1
   100 | D:1      | Found a faded altar of an unknown god.
   131 | D:1      | Reached XP level 2. HP: 24/24 MP: 2/2
   189 | D:1      | Reached skill level 3 in Unarmed Combat
   551 | D:2      | Reached XP level 3. HP: 29/29 MP: 3/3
   670 | D:2      | Reached skill level 4 in Unarmed Combat
   829 | D:2      | Noticed Terence
   850 | D:2      | Slain by Terence

Illustrated notes

Levels and vault maps discovered:
D:1:      dpeg_arrival_three_same_balls, layout_rooms,
          chequers_ecumenical_altar_simple_redux, minmay_gold_behind_fungi
D:2:      layout_rooms, uniq_terence

Skill      XL: |  1  2  3 |
---------------+----------+-----
Unarmed Combat | 3 4 |  4.2
Fighting       | |  2.1
Dodging        | |  1.7
Shapeshifting  | |  3.0

Action                     || total
---------------------------++-------
  Melee: Unarmed           ||    93
         Tailslap          ||     9
    Use: Potion            ||     1
   Stab: Sleeping          ||     1
 Armour: Skin              ||    19
  Dodge: Dodged            ||    54

Table legend: (Time is in decaauts)
 A = Elapsed time spent in this place.
 B = Non-inter-level travel time spent in this place.
 C = Inter-level travel time spent in this place.
 D = Time resting spent in this place.
 E = Time spent auto-exploring this place.
 F = Levels seen in this place.
 G = Mean time per level.
                   A        B        C        D        E       F      G
               +--------+--------+--------+--------+--------+-----+--------+
         Total |    843 |    807 |     36 |      0 |    604 |   2 |  421.5 |
       Dungeon |    843 |    807 |     36 |      0 |    604 |   2 |  421.5 |
               +--------+--------+--------+--------+--------+-----+--------+

Top non-repeatable levels by time:
     D:1: 477 daAuts
     D:2: 366 daAuts
